 Dungeon Crawl Stone Soup version 0.30-a0-219-gf2db51d15e (webtiles) character file.

Game seed: 3386410302749493533

1718 pokeman the Thaumaturge (level 8, -1/44 HPs)
             Began as a Deep Elf Hedge Wizard on Oct 4, 2022.
             Was an Initiate of Vehumet.
             Slain by a vampire mosquito (8 damage)
             ... on level 6 of the Dungeon on Oct 6, 2022.
             The game lasted 00:17:52 (6411 turns).

pokeman the Thaumaturge (Deep Elf Hedge Wizard)     Turns: 6411, Time: 00:17:53

Health: -1/44      AC:  6    Str:  7    XL:     8   Next: 75%
Magic:  22/24      EV: 12    Int: 29    God:    Vehumet [......]
Gold:   293        SH:  5    Dex: 14    Spells: 17/27 levels left

rFire   . . .      SeeInvis .    G - +6 broad axe of Change {vorpal, rCorr Int+7}
rCold   + . .      Faith    .    (no shield)
rNeg    . . .      Spirit   .    H - +0 leather armour {rC+}
rPois   .          Reflect  +    F - +0 helmet
rElec   .          Harm     .    a - +0 cloak
rCorr   +          Rampage  .    (no gloves)
Will    .....                    l - +0 pair of boots
Stlth   ++........               B - amulet of reflection
HPRegen 0.27/turn                (no ring)
MPRegen 0.19/turn                (no ring)

@: no status effects
A: no striking features
a: Renounce Religion


You were on level 6 of the Dungeon.
You worshipped Vehumet.
Vehumet was noncommittal.
You visited 2 branches of the dungeon, and saw 7 of its levels.
You also visited: Sewer.

You collected 293 gold pieces.

Inventory:

Hand Weapons
 E - a +1 dagger of venom
 G - the +6 broad axe of Change (weapon) {vorpal, rCorr Int+7}
   (You found it on level 6 of the Dungeon)

   It inflicts extra damage upon your enemies.
   Int:       It affects your intelligence (+7).
   rCorr:     It protects you from acid and corrosion.
Armour
 a - a +0 cloak (worn)
 l - a +0 pair of boots (worn)
 F - a +0 helmet (worn)
 H - a +0 leather armour of cold resistance (worn)
Magical Staves
 c - a staff of fire
Jewellery
 f - an amulet of faith
 j - an amulet of regeneration
 v - an amulet of the acrobat
 B - an amulet of reflection (around neck)
Wands
 w - a wand of polymorph (13)
 J - a wand of acid (2)
Scrolls
 e - a scroll of immolation {unknown}
 g - 3 scrolls of identify {unknown}
 k - 2 scrolls of noise {unknown}
 n - 7 scrolls of teleportation {unknown}
 o - a scroll of poison {unknown}
 p - a scroll of amnesia {unknown}
 q - 4 scrolls of enchant weapon {unknown}
 r - 2 scrolls of torment {unknown}
 u - 3 scrolls of enchant armour {unknown}
 y - a scroll of fog {unknown}
 C - a scroll of brand weapon {unknown}
 D - a scroll of silence {unknown}
 I - a scroll of blinking {unknown}
Potions
 b - a potion of resistance {unknown}
 d - 2 potions of magic
 h - 4 potions of curing {unknown}
 i - 3 potions of might {unknown}
 m - a potion of lignification {unknown}
 s - 2 potions of flight {unknown}
 t - 2 potions of cancellation {unknown}
 x - a potion of mutation {unknown}
 z - 2 potions of invisibility {unknown}
 A - a potion of heal wounds {unknown}


   Skills:
 - Level 2.2 Fighting
 + Level 1.5 Armour
 - Level 3.3 Dodging
 - Level 3.0 Stealth
 * Level 10.2 Spellcasting
 + Level 5.5 Conjurations
 - Level 1.1 Summonings
 - Level 3.0 Necromancy
 - Level 1.1 Translocations
 + Level 3.2 Fire Magic
 - Level 2.0 Air Magic
 - Level 2.0 Poison Magic
 - Level 1.1 Evocations


You had 17 spell levels left.
You knew the following spells:

 Your Spells              Type           Power      Damage    Failure   Level
a - Magic Dart            Conj           100%       1d8       1%          1
b - Mephitic Cloud        Conj/Pois/Air  33%        N/A       4%          3
c - Call Imp              Summ           21%        N/A       5%          2
d - Blink                 Tloc           42%        N/A       5%          2
e - Necrotise             Necr           100%       1d9       1%          1
f - Shock                 Conj/Air       100%       1d9       1%          1

Your spell library contained the following spells:

 Spells                   Type           Power      Damage    Failure   Level
 Apportation              Tloc           42%        N/A       3%          1
 Summon Small Mammal      Summ           84%        N/A       3%          1
 Cigotuvi's Dreadful Rot  Necr/Pois/Air  56%        N/A       3%          2
 Slow                     Hex            56%        N/A       5%          1
 Kindle Blastsparks       Fire/Tloc/Air  54%        2d14      7%          3
 Swiftness                Air            26%        N/A       7%          3
 Iskenderun's Mystic Bla  Conj/Tloc      34%        2d8       14%         4
 Fulminant Prism          Conj/Hex       15%        3d11      17%         4
 Airstrike                Air            13%        2d(2-18)  24%         4
 Lee's Rapid Deconstruct  Erth           7%         3d7*      83%         5


Dungeon Overview and Level Annotations

Branches:
Dungeon (6/15)             Temple (1/1) D:6           Sewer (visited)

Altars:
Ashenzari
Cheibriados
Gozag
Hepliaklqana
Makhleb
Qazlal
Ru
Sif Muna
Trog
Uskayaw
Vehumet
Wu Jian
The Shining One

Shops:
D:1 (


Message History

The vampire mosquito is moderately damaged.
The vampire mosquito bites you!
The vampire mosquito draws strength from your injuries!
The vampire mosquito misses you.
The vampire mosquito completely misses you.
Unknown command.
You closely miss the vampire mosquito.
The vampire mosquito is lightly damaged.
The vampire mosquito bites you but does no damage.
The vampire mosquito barely misses you.
The vampire mosquito closely misses you.
Unknown command.
Casting: Shock (safe; 1% risk of failure)
Confirm with . or Enter, or press ? or * to list all spells.
Aiming: Shock (safe; 1% risk of failure)
Press: ? - help, Shift-Dir - straight line, f/p - vampire mosquito
Aim: a vampire mosquito (lightly damaged, 57% to hit)
The zap hits the vampire mosquito.
The vampire mosquito is lightly damaged.
The vampire mosquito bites you!
* * * LOW HITPOINT WARNING * * *
The vampire mosquito draws strength from your injuries!
The vampire mosquito barely misses you.
That's the wrong kind of item! (Use * to select it.) Evoke which item? (* to show all) (? for menu, Esc to quit)
Aiming: Corrosive Bolt
Press: ? - help, Shift-Dir - straight line, p - vampire mosquito The bolt of acid hits the vampire mosquito!
The acid corrodes the vampire mosquito!
The vampire mosquito is heavily damaged.
The vampire mosquito closely misses you.
Unknown command.
Aiming: Corrosive Bolt
Press: ? - help, Shift-Dir - straight line, f - vampire mosquito
Aim: a vampire mosquito (53% to hit)
The bolt of acid misses the vampire mosquito.
The bolt of acid hits the vampire mosquito!
The vampire mosquito is heavily damaged.
The vampire mosquito bites you!
You die...

######+#####+###..#..##.#
.............#..###..#.##
...............## ##....#
..............#+ ##...#
...........y.## ##..#
..............# ..##
##.####.....#..## .##
########+####y.## .#
#...........##@.#..#
#.................#
#...........#######
#..........##
#...........#
##########.?# ...# ...#
....#


You could see 2 vampire mosquitoes.

Vanquished Creatures
  Grinder (D:6)
  Sigmund (D:3)
  A vampire mosquito (D:6)
  2 sky beasts
  An ogre (D:5)
  A phantom (D:5)
  2 necrophages
  A scorpion (D:4)
  A howler monkey (D:6)
  2 hounds
  3 jellies (Sewer)
  4 orc priests
  2 iguanas
  4 orc wizards
  10 adders
  An ufetubus (D:6)
  3 worms
  A dart slug (D:1)
  17 orcs
  4 ball pythons
  6 bats
  15 endoplasms
  12 giant cockroaches
  7 goblins
  8 hobgoblins
  3 jackals (D:1)
  7 kobolds
  5 quokkas
  6 frilled lizards
  16 rats
147 creatures vanquished.

Vanquished Creatures (collateral kills)
  An orc wizard (D:5)
1 creature vanquished.

Grand Total: 148 creatures vanquished

Notes
Turn   | Place    | Note
-------+----------+-------------------------------------------
     0 | D:1      | pokeman the Deep Elf Hedge Wizard began the quest for the
                  | Orb.
     0 | D:1      | Reached XP level 1. HP: 10/10 MP: 7/7
   305 | D:1      | Found a faded altar of an unknown god.
   397 | D:1      | Reached XP level 2. HP: 15/15 MP: 6/9
   455 | D:1      | You fall into a shaft and drop 1 floor!
   655 | D:1      | Reached skill level 5 in Spellcasting
   806 | D:1      | Reached XP level 3. HP: 20/20 MP: 7/11
   833 | D:1      | Learned a level 3 spell: Mephitic Cloud
   836 | D:1      | Learned a level 2 spell: Call Imp
   839 | D:1      | Learned a level 2 spell: Blink
   841 | D:1      | Learned a level 1 spell: Necrotise
  1191 | D:1      | Reached skill level 1 in Fighting
  1430 | D:1      | Found Qiock's Antique Weapon Boutique.
  1568 | D:1      | Reached skill level 1 in Armour
  2311 | D:3      | Reached XP level 4. HP: 25/25 MP: 4/13
  2388 | D:3      | Found a hazy altar of Hepliaklqana.
  2465 | D:3      | Found a glowing drain.
  2477 | Sewer    | Entered a sewer
  3195 | Sewer    | Reached XP level 5. HP: 29/29 MP: 8/15
  3248 | Sewer    | Reached skill level 6 in Spellcasting
  3285 | Sewer    | Reached skill level 1 in Evocations
  3321 | Sewer    | Found a viscous altar of Jiyva.
  3705 | D:3      | Noticed Sigmund
  3728 | D:3      | Killed Sigmund
  3729 | D:3      | Reached skill level 7 in Spellcasting
  3729 | D:3      | Reached skill level 1 in Necromancy
  3729 | D:3      | Reached skill level 1 in Poison Magic
  3729 | D:3      | Reached XP level 6. HP: 34/34 MP: 6/18
  3904 | D:3      | Found a burning altar of Makhleb.
  3918 | D:3      | Learned a level 1 spell: Shock
  4288 | D:4      | Reached XP level 7. HP: 38/38 MP: 2/20
  4439 | D:4      | Found a sacrificial altar of Ru.
  4462 | D:4      | Reached skill level 1 in Air Magic
  4790 | D:4      | Reached skill level 8 in Spellcasting
  5022 | D:5      | Entered Level 5 of the Dungeon
  5206 | D:5      | Reached skill level 1 in Fire Magic
  5208 | D:5      | Upgraded the game from 0.30-a0-187-gd9c2deaf24 to
                  | 0.30-a0-219-gf2db51d15e
  5218 | D:5      | Reached XP level 8. HP: 43/43 MP: 3/22
  5571 | D:5      | Reached skill level 9 in Spellcasting
  5965 | D:6      | Found a staircase to the Ecumenical Temple.
  5980 | D:6      | Identified the +6 broad axe of Change {vorpal, rCorr Int+7}
  5984 | Temple   | Entered the Ecumenical Temple
  5994 | Temple   | Became a worshipper of Vehumet
  6122 | D:6      | Noticed Grinder
  6126 | D:6      | Paralysed by Grinder for 2 turns
  6132 | D:6      | Paralysed by Grinder for 2 turns
  6134 | D:6      | Killed Grinder
  6135 | D:6      | Reached skill level 5 in Conjurations
  6238 | D:6      | Reached skill level 10 in Spellcasting
  6411 | D:6      | Slain by a vampire mosquito

Illustrated notes

Levels and vault maps discovered:
D:1:      heliophobic_arrival_ceremonial_halls, layout_loops_corners,
          chequers_ecumenical_altar_simple_redux, serial_shops, shop
D:2:      layout_basic
D:3:      layout_basic, lemuel_crystal_altar, amcnicky_altar_gilded,
          gup_sewer_entry_bubbles, uniq_sigmund
D:4:      layout_basic, nicolae_ru_great_annihilating_truth, bh_walls_and_bars
D:5:      layout_rooms
D:6:      layout_gridville, nemelex_diamond_rough_becter,
          nicolae_elyvilon_temple_path, yredelemnul_forgotten_temple_becter,
          minmay_temple_entry_offerings, uniq_grinder, uniq_prince_ribbit1
Temple:   hellmonk_temple_rainy

Skill      XL: |  1  2  3  4  5  6  7  8 |
---------------+-------------------------+-----
Spellcasting   | 5 7 8 10 | 10.2
Fighting       | 1 2 |  2.2
Armour         | 1 |  1.5
Conjurations   | 2 3 4 5 |  5.5
Stealth        | 3 |  3.0
Dodging        | 3 |  3.3
Evocations     | 1 |  1.1
Necromancy     | 1 2 3 |  3.0
Poison Magic   | 1 2 |  2.0
Air Magic      | 2 |  2.0
Fire Magic     | 1 3 |  3.2
Summonings     | |  1.1
Translocations | |  1.1

Action                   |  1- 3 |  4- 6 |  7- 9 || total
-------------------------+-------+-------+-------++-------
Melee: Dagger            |    28 |    29 |    52 ||   109
       Halberd           |       |    14 |     6 ||    20
       Broad axe         |       |       |    12 ||    12
 Cast: Magic Dart        |   104 |   124 |    25 ||   253
       Necrotise         |    14 |     7 |       ||    21
       Mephitic Cloud    |       |     3 |    10 ||    13
       Shock             |       |    33 |    78 ||   111
       Blink             |       |       |     1 ||     1
       Call Imp          |       |       |     1 ||     1
Evoke: Wand              |       |       |     4 ||     4
 Stab: Confused          |       |     2 |     5 ||     7
Armor: Robe              |    16 |     2 |       ||    18
       Leather armour    |       |    19 |    26 ||    45
Dodge: Dodged            |    36 |    42 |    45 ||   123
Block: Other             |       |       |     2 ||     2

Table legend: (Time is in decaauts)
 A = Elapsed time spent in this place.
 B = Non-inter-level travel time spent in this place.
 C = Inter-level travel time spent in this place.
 D = Time resting spent in this place.
 E = Time spent auto-exploring this place.
 F = Levels seen in this place.
 G = Mean time per level.
                   A        B        C        D        E       F      G
               +--------+--------+--------+--------+--------+-----+--------+
         Total |   6472 |   6361 |    111 |    347 |   4809 |   8 |  809.0 |
       Dungeon |   5444 |   5341 |    103 |    347 |   3972 |   6 |  907.3 |
        Temple |     29 |     21 |      8 |      0 |      0 |   1 |   29.0 |
         Sewer |    998 |    998 |      0 |      0 |    837 |   1 |  998.0 |
               +--------+--------+--------+--------+--------+-----+--------+

Top non-repeatable levels by time:
     D:1: 1465 daAuts
   Sewer: 998 daAuts
     D:3: 917 daAuts
     D:4: 869 daAuts
     D:5: 850 daAuts
     D:2: 825 daAuts
     D:6: 515 daAuts
  Temple: 29 daAuts
